 Dungeon Crawl Stone Soup version 0.31-a0-986-g5e6e4ef867 (webtiles) character file.

Game seed: 7198142808643573917

40 Whiskey the Changeling (level 3, 0/33 HPs)
             Began as a Troll Shapeshifter on Nov 4, 2023.
             Slain by Terence
             ... wielding a +4 trident of protection
              (12 damage)
             ... on level 2 of the Dungeon.
             The game lasted 00:01:50 (743 turns).

Whiskey the Changeling (Troll Shapeshifter)          Turns: 743, Time: 00:01:51

Health: 0/33       AC:  4    Str: 22    XL:     3   Next: 30%
Magic:  2/2        EV:  9    Int:  8    God:
Gold:   23         SH:  0    Dex:  9    Spells: 2/2 levels left

rFire   . .          .
                       - Unarmed
rCold   . . .        (no shield)
rNeg    . . .        a - +0 animal skin
rPois   .            (helmet currently unavailable)
rElec   .            (cloak currently unavailable)
rCorr   .            (gloves unavailable)
SInv    .            (boots unavailable)
Will    .....        (no amulet)
Stlth   +            (no ring)
HPRegen 1.05/turn    (no ring)
MPRegen 0.08/turn

%: no passive effects
@: beast-form
A: beast (slay +2), large, unfitting armour, claws 3, regeneration 1, shaggy fur
1, tough skin 1
a: Begin Untransformation


You were on level 2 of the Dungeon.
You were a hulking beast.
You visited 1 branch of the dungeon, and saw 2 of its levels.

You collected 23 gold pieces.

Inventory:

Armour
 a - a +0 animal skin (worn)
Jewellery
 e - an amulet of magic regeneration
   (You found it on level 1 of the Dungeon)
Talismans
 c - a beast talisman
 d - a flux talisman
Scrolls
 g - a scroll of silence {unknown}
Potions
 b - 3 potions of lignification {!q}
 f - a potion of cancellation {unknown}
 h - a potion of curing {unknown}
 i - a potion of resistance {unknown}


   Skills:
 - Level 1.0 Fighting
 - Level 1.5 Dodging
 + Level 3.4 Unarmed Combat
 * Level 3.8 Shapeshifting


You had 2 spell levels left.
You didn't know any spells.
Your spell library contained the following spells:

 Spells                   Type           Power      Damage    Failure   Level
 Mephitic Cloud           Conj/Pois/Air  0%         N/A       78%         3
 Silence                  Hex/Air        0%         N/A       100%        5


Dungeon Overview and Level Annotations

Branches:
Dungeon (2/15)

Altars:

Annotations:
D:2 Sigmund, Terence


Innate Abilities, Weirdness & Mutations

You are a hulking beast.
Your limbs bulge with bestial killing power. (Slay +2)
You are too large for most types of armour.
You have claws for hands.
Your natural rate of healing is unusually fast.
You are covered in fur. (AC +1)
You have tough skin. (AC +1)


Message History

No target in view!
You see here a +0 leather armour.
You open the door.
There is an open door here.
i - a smoky green potion A hobgoblin and a quokka come into view.
The hobgoblin hits you but does no damage.
You scratch the hobgoblin.
The quokka bites you but does no damage.
The hobgoblin barely misses you. The quokka barely misses you.
You closely miss the hobgoblin.
The hobgoblin hits you but does no damage.
The quokka bites you but does no damage.
You claw the hobgoblin!
You kill the hobgoblin!
The quokka misses you.
You scratch the quokka.
You kill the quokka!
No target in view!
No target in view!
No target in view!
No target in view!
No target in view!
No target in view!
No target in view!
You see here a quokka corpse.
There is an open door here.
You open the door.
A bat comes into view.
The bat completely misses you.
There is an open door here.
You closely miss the bat. The bat hits you but does no damage. x3
You scratch the bat but do no damage. The bat hits you but does no damage. x2
You scratch the bat. The bat barely misses you. The bat closely misses you.
You claw the bat!
You kill the bat!
No target in view!
No target in view!
No target in view!
No target in view!
No target in view!
Done exploring.
Done exploring.
There is a stone staircase leading down here.
You climb downwards.
The adder hisses angrily.
The goblin shouts!
There is a stone staircase leading up here.
There are monsters nearby!
You barely miss the adder. The adder completely misses you.
You claw the adder!
You kill the adder!
You claw the goblin!
You kill the goblin!
You have reached level 3!
Your experience leads to an increase in your attributes!
Increase (s)trength, (i)ntelligence, or (d)exterity?
You feel clever. x2; You feel stronger.
Health restored: 33; MP restored: 2
Found a stone staircase leading down.
No target in view!
A bat comes into view.
The bat hits you but does no damage.
You scratch the bat.
You kill the bat!
Terence the Incautious comes into view.
He is wielding a +4 trident of protection.
Terence shouts!
An adder comes into view.
A ball python comes into view.
The adder hisses angrily.
The ball python hisses angrily.
Sigmund the Dreaded comes into view.
He is wielding a +0 scythe.
Terence bares his teeth.
Terence says, "Don't bother to defend, it's senseless."
There is a stone staircase leading down here.
The adder bites you but does no damage. Terence closely misses you.
The adder attacks as it pursues you! The adder closely misses you.
The adder attacks as it pursues you! The adder bites you but does no damage.
The adder attacks as it pursues you! The adder barely misses you.
The adder attacks as it pursues you! The adder bites you.
There is a stone staircase leading up here.
You take 3 damage, and have 30/33 hp.
You scratch the adder. The adder bites you but does no damage.
The ball python bites you but does no damage.
The adder bites you but does no damage.
You miss the adder.
Terence hits you from afar with a +4 trident of protection!
The adder bites you but does no damage.
The ball python bites you but does no damage.
You take 8 damage, and have 23/33 hp.
MASSIVE DAMAGE!!
You claw the adder!
You kill the adder!
The ball python bites you but does no damage.
Terence hits you from afar with a +4 trident of protection.
You take 5 damage, and have 18/33 hp.
You scratch the ball python.
You kill the ball python!
Terence hits you from afar with a +4 trident of protection!
You take 7 damage, and have 11/33 hp.
MASSIVE DAMAGE!!
Terence hits you from afar with a +4 trident of protection!
You die...

#...........>........#
#....................#
#####.....^..........#
#....................#
#......#######.......#
#......# #...........#
#......# #..@........#
#......# #...).......#
#......# #h†.........#
#......# #...........#
........#
#####.......#
........# #.......#
#########


You could see Terence.

Vanquished Creatures
  2 adders (D:2)
  An endoplasm (D:1)
  2 goblins
  3 hobgoblins (D:1)
  2 jackals (D:1)
  2 quokkas (D:1)
  2 ball pythons
  3 bats
  2 kobolds (D:1)
  4 rats (D:1)
23 creatures vanquished.

Notes
Turn   | Place    | Note
-------+----------+-------------------------------------------
     0 | D:1      | Whiskey the Troll Shapeshifter began the quest for the Orb.
     0 | D:1      | Reached XP level 1. HP: 18/18 MP: 0/0
   145 | D:1      | Got the Compilation of Ouranomancy
   175 | D:1      | Reached skill level 1 in Fighting
   237 | D:1      | Reached XP level 2. HP: 27/27 MP: 1/1
   695 | D:2      | Reached XP level 3. HP: 33/33 MP: 2/2
   719 | D:2      | Noticed Terence
   720 | D:2      | Noticed Sigmund
   743 | D:2      | Slain by Terence

Illustrated notes

Levels and vault maps discovered:
D:1:      lightli_arrival_flooded_house, layout_basic
D:2:      minmay_inner_zag, layout_basic, shapermc_ecumenical_altar_flowoftime,
          corner_web_ring, minmay_worlds_worst_comb, uniq_sigmund, uniq_terence

Skill      XL: |  1 |
---------------+----+-----
Fighting       | 1 |  1.0
Dodging        | |  1.5
Unarmed Combat | |  3.4
Shapeshifting  | |  3.8

Action                     || total
---------------------------++-------
  Melee: Unarmed           ||    49
 Armour: Animal skin       ||    40
  Dodge: Dodged            ||    24

Table legend: (Time is in decaauts)
 A = Elapsed time spent in this place.
 B = Non-inter-level travel time spent in this place.
 C = Inter-level travel time spent in this place.
 D = Time resting spent in this place.
 E = Time spent auto-exploring this place.
 F = Levels seen in this place.
 G = Mean time per level.
                   A        B        C        D        E       F      G
               +--------+--------+--------+--------+--------+-----+--------+
         Total |    739 |    699 |     40 |      0 |    575 |   2 |  369.5 |
       Dungeon |    739 |    699 |     40 |      0 |    575 |   2 |  369.5 |
               +--------+--------+--------+--------+--------+-----+--------+

Top non-repeatable levels by time:
     D:1: 686 daAuts
     D:2: 53 daAuts

Levels and vault maps discovered:
D:1:      lightli_arrival_flooded_house, layout_basic
D:2:      minmay_inner_zag, layout_basic, shapermc_ecumenical_altar_flowoftime,
          corner_web_ring, minmay_worlds_worst_comb, uniq_sigmund, uniq_terence

Table legend: (Time is in decaauts)
 A = Elapsed time spent in this place.
 B = Non-inter-level travel time spent in this place.
 C = Inter-level travel time spent in this place.
 D = Time resting spent in this place.
 E = Time spent auto-exploring this place.
 F = Levels seen in this place.
 G = Mean time per level.
                   A        B        C        D        E       F      G
               +--------+--------+--------+--------+--------+-----+--------+
         Total |    739 |    699 |     40 |      0 |    575 |   2 |  369.5 |
       Dungeon |    739 |    699 |     40 |      0 |    575 |   2 |  369.5 |
               +--------+--------+--------+--------+--------+-----+--------+

Top non-repeatable levels by time:
     D:1: 686 daAuts
     D:2: 53 daAuts

Table legend:
 A = Kills in this place as a percentage of kills in the entire game.
 B = Kills by you in this place as a percentage of kills by you in the entire game.
 C = Kills by friends in this place as a percentage of kills by friends in the entire game.
 D = Other kills in this place as a percentage of other kills in the entire game.
 E = Experience gained in this place as a percentage of experience gained in the entire game.
 F = Experience gained in this place divided by the number of levels of this place that you have seen.
                   A       B       C       D       E      F
               +-------+-------+-------+-------+-------+----------------------
         Total | 100.0 | 100.0 |   N/A |   N/A | 100.0 |  29.0
       Dungeon | 100.0 | 100.0 |   N/A |   N/A | 100.0 |  29.0
               +-------+-------+-------+-------+-------+----------------------
